 Dungeon Crawl Stone Soup version 0.20.1-1-g8b1a95d (webtiles) character file.

14 slep the Skirmisher (level 2, 0/24 HPs)
             Began as a Demonspawn Abyssal Knight on Oct 29, 2017.
             Was a Follower of Lugonu.
             Succumbed to a goblin's poison
             ... on level 1 of the Dungeon.
             The game lasted 00:02:36 (312 turns).

slep the Skirmisher (Demonspawn Abyssal Knight)      Turns: 312, Time: 00:02:37

Health: 0/24       AC:  5    Str: 10    XL:     2   Next: 27%
Magic:  3/3        EV: 11    Int: 11    God:    Lugonu [*.....]
Gold:   0          SH:  0    Dex: 12    Spells: 1/1 levels left

rFire    . . .     SeeInvis .   a - +1 falchion
rCold    + . .     Gourm    .   (no shield)
rNeg     . . .     Faith    .   b - +0 leather armour
rPois    .         Spirit   .   (no helmet)
rElec    .         Reflect  .   (no cloak)
rCorr    .         Harm     .   (no gloves)
MR       .....                  (no boots)
Stlth    +.........             (no amulet)
Regen    0.1/turn               e - ring of protection from cold
MPRegen  0.1/turn               (no ring)

@: lethally poisoned (0 -> -14)
A: yellow scales 1, dopey 1, weak 1
a: Depart the Abyss, Renounce Religion


You were on level 1 of the Dungeon.
You worshipped Lugonu.
Lugonu was aware of your devotion.
You were not hungry.

You visited 1 branch of the dungeon, and saw 1 of its levels.
You visited the Abyss 1 time.

Inventory:

Hand Weapons
 a - a +1 falchion (weapon)
Armour
 b - a +0 leather armour (worn)
Jewellery
 e - a ring of protection from cold (left hand)
Scrolls
 g - a scroll of recharging {unknown}
 h - 2 scrolls of remove curse {unknown}
Comestibles
 c - a bread ration
 f - 6 chunks of flesh


   Skills:
 + Level 3.3 Fighting
 + Level 1.9 Long Blades
 + Level 1.9 Armour
 + Level 1.1 Dodging
 + Level 2.6 Invocations


You had one spell level left.
You didn't know any spells.

Dungeon Overview and Level Annotations

Branches:
Dungeon (1/15)

Altars:


Innate Abilities, Weirdness & Mutations

You are partially covered in yellow scales. (AC +2)
You are dopey. (Int -2)
You are weak. (Str -2)


Message History

You are lethally poisoned!
It was a potion of curing.
You feel better. The hobgoblin hits you.
* * * LOW HITPOINT WARNING * * *
The goblin hits you but does no damage.
You are lethally poisoned!
You closely miss the goblin.
* * * LOW HITPOINT WARNING * * *
You feel sick. The hobgoblin closely misses you.
The goblin hits you but does no damage.
You are more poisoned.
You hit the goblin.
You kill the goblin!
Lugonu accepts your kill.
* * * LOW HITPOINT WARNING * * *
You feel sick. The hobgoblin barely misses you.
You riposte.
You slash the hobgoblin!
You kill the hobgoblin!
Lugonu accepts your kill.
You closely miss the frilled lizard.
You die...

###### .....# ####.# #.#
# #.# ###.. #.# ......
####.#############......
.............^..........
...#............@.....#
.###.############l#####
.# #.# ######..##... .#
#.###........#.### .#
#.##........<#.# .#
#.##..####..##.# .#
#.##..####### .# ##
#.##.......## ..
##.......#


You could see a frilled lizard.

Vanquished Creatures
  A dart slug (D:1)
  A giant cockroach (D:1)
  3 hobgoblins (D:1)
  2 ball pythons (D:1)
  3 goblins (D:1)
  A rat (D:1)
11 creatures vanquished.

Notes
Turn   | Place    | Note
-------+----------+-------------------------------------------
     0 | Abyss:1  | slep the Demonspawn Abyssal Knight began the quest for the Orb.
     0 | Abyss:1  | Reached XP level 1. HP: 18/18 MP: 2/2
     0 | Abyss:1  | Found a corrupted altar of Lugonu.
    10 | Abyss:1  | Found a corrupted altar of Lugonu.
    45 | Abyss:1  | Noticed a neqoxec
    49 | Abyss:1  | Gained mutation: You are dopey. (Int -2) [a neqoxec]
    52 | Abyss:1  | Gained mutation: You are weak. (Str -2) [a neqoxec]
    54 | D:1      | Escaped the Abyss
   205 | D:1      | Gained mutation: You are partially covered in yellow scales. (AC +2) [demonic ancestry]
   205 | D:1      | Reached XP level 2. HP: 10/24 MP: 3/3
   255 | D:1      | Reached skill level 1 in Dodging
   256 | D:1      | Reached * piety under Lugonu
   308 | D:1      | HP: 1/24 [hobgoblin (4)]
   312 | D:1      | Succumbed to a goblin's poison

Skill      XL: |  1  2 |
---------------+-------+-----
Dodging        | 1 |  1.1
Fighting       | |  3.3
Long Blades    | |  1.9
Armour         | |  1.9
Invocations    | |  2.6

Action                   || total
-------------------------++-------
Melee: Falchion          ||    40
Invok: Depart the Abyss  ||     1
  Use: Potion            ||     1
Armor: Leather armour    ||    12
Dodge: Dodged            ||    20
       Rpst.: Falchion   ||     2
